 Dungeon Crawl Stone Soup version 0.20.1-1-g8b1a95d (webtiles) character file.

51 Gargoyl the Skirmisher (level 3, 0/33 HPs)
             Began as a Minotaur Abyssal Knight on Aug 16, 2017.
             Was a Follower of Lugonu.
             Slain by a gnoll
             ... wielding a cursed -1 halberd
              (14 damage)
             ... on level 2 of the Dungeon.
             The game lasted 00:02:40 (1554 turns).

Gargoyl the Skirmisher (Minotaur Abyssal Knight)    Turns: 1554, Time: 00:02:41

Health: 0/33       AC:  6    Str: 16    XL:     3   Next: 58%
Magic:  3/3        EV: 10    Int:  9    God:    Lugonu [*.....]
Gold:   97         SH:  0    Dex:  8    Spells: 2/2 levels left

rFire    . . .     SeeInvis .   a - +1 hand axe
rCold    . . .     Gourm    .   (no shield)
rNeg     . . .     Faith    .   j - +0 ring mail
rPois    .         Spirit   .   (helmet restricted)
rElec    .         Reflect  .   (no cloak)
rCorr    .         Harm     .   (no gloves)
MR       .....                  e - +0 pair of boots
Stlth    ..........             (no amulet)
Regen    0.2/turn               (no ring)
MPRegen  0.1/turn               (no ring)

@: no status effects
A: retaliatory headbutt, horns 2, clumsy 1
a: Depart the Abyss, Renounce Religion


You were on level 2 of the Dungeon.
You worshipped Lugonu.
Lugonu was aware of your devotion.
You were not hungry.

You visited 1 branch of the dungeon, and saw 2 of its levels.
You visited the Abyss 1 time.

You collected 97 gold pieces.

Inventory:

Hand Weapons
 a - a +1 hand axe (weapon)
Armour
 e - a +0 pair of boots (worn)
 j - a +0 ring mail (worn)
Scrolls
 b - 3 scrolls of recharging {unknown}
 g - a scroll of random uselessness {unknown}
 h - 3 scrolls of identify {unknown}
 i - a scroll of teleportation
 k - 2 scrolls of blinking {unknown}
Comestibles
 c - a fruit
 d - 2 royal jellies
 f - a meat ration


   Skills:
 + Level 4.3 Fighting
 + Level 3.1 Axes
 * Level 3.3 Armour
 + Level 1.4 Dodging
 * Level 2.0 Invocations


You had 2 spell levels left.
You didn't know any spells.

Dungeon Overview and Level Annotations

Branches:
Dungeon (2/15)

Altars:


Innate Abilities, Weirdness & Mutations

You reflexively headbutt those who attack you in melee.
You have a pair of horns on your head.
You are clumsy. (Dex -2)


Message History

The gnoll moves out of view.
A giant cockroach comes into view.
The gnoll hits you but does no damage.
You barely miss the giant cockroach. You hit the gnoll.
The giant cockroach completely misses you.
The giant cockroach bites you but does no damage.
The gnoll hits you with a flail.
A rat comes into view.
You hit the gnoll. Your headbutt misses the gnoll.
The gnoll is lightly wounded.
The gnoll hits you. The gnoll hits you but does no damage.
You hit the gnoll. You headbutt the gnoll.
The gnoll is severely wounded.
The gnoll hits you but does no damage.
The gnoll hits you from afar with an enchanted halberd!
You hit the gnoll.
You kill the gnoll!
Lugonu accepts your kill.
The gnoll hits you from afar with an enchanted halberd!
You die...

##### #.#### #...#
##.....###############...#
.....rsg.@................
##....g###.......#####...#
....... #.......# #...#
...#.## #.......# #####
..... ###.##### ....
#.......# ... #.......#
... #..........
#..........


You could see 2 gnolls, a giant cockroach and a rat.

Vanquished Creatures
  A gnoll (D:2)
  A dart slug (D:1)
  2 giant cockroaches (D:1)
  6 goblins (D:1)
  4 hobgoblins (D:1)
  9 jackals (D:1)
  4 bats (D:1)
  A frilled lizard (D:1)
  5 kobolds (D:1)
  2 rats (D:1)
  3 bushes (D:1)
  3 plants (D:1)
41 creatures vanquished.

Vanquished Creatures (others)
  A lurking horror (Abyss:1)
1 creature vanquished.

Grand Total: 42 creatures vanquished

Notes
Turn   | Place    | Note
-------+----------+-------------------------------------------
     0 | Abyss:1  | Gargoyl the Minotaur Abyssal Knight began the quest for the Orb.
     0 | Abyss:1  | Reached XP level 1. HP: 19/19 MP: 1/1
    61 | Abyss:1  | Noticed a neqoxec
    62 | Abyss:1  | Noticed a dire elephant zombie
    62 | Abyss:1  | Gained mutation: You are clumsy. (Dex -2) [a neqoxec]
    97 | Abyss:1  | Found a runed door.
   134 | Abyss:2  | Noticed a shining eye
   138 | Abyss:2  | Noticed a thrashing horror
   140 | D:1      | Escaped the Abyss
   371 | D:1      | Reached XP level 2. HP: 27/27 MP: 2/2
   377 | D:1      | Reached * piety under Lugonu
   377 | D:1      | Reached skill level 4 in Fighting
   712 | D:1      | Reached XP level 3. HP: 33/33 MP: 3/3
  1554 | D:2      | Slain by a gnoll

Skill      XL: |  1  2  3 |
---------------+----------+-----
Fighting       | 4 |  4.3
Armour         | 3 |  3.3
Axes           | 3 |  3.1
Invocations    | 2 |  2.0
Dodging        | |  1.4

Action                   || total
-------------------------++-------
Melee: Hand axe          ||   341
       Headbutt          ||    98
Invok: Depart the Abyss  ||     1
  Use: Scroll            ||     1
  Eat: Bread ration      ||     1
       Chunk             ||     1
Armor: Leather armour    ||    16
       Ring mail         ||    23
Dodge: Dodged            ||    65
